 Dungeon Crawl Stone Soup version 0.27-a0-1196-g3e9cee4cb2 (webtiles) character file.

Game seed: 16190255081215986126

172 EldarEldrad the Chopper (level 5, -2/45 HPs)
             Began as a Hill Orc Fighter on May 27, 2021.
             Slain by Grinder (6 damage)
             ... while paralysed by Grinder
             ... on level 3 of the Dungeon.
             The game lasted 00:07:28 (3087 turns).

EldarEldrad the Chopper (Hill Orc Fighter)          Turns: 3087, Time: 00:07:29

Health: -2/45      AC:  7    Str: 20    XL:     5   Next: 52%
Magic:  5/5        EV:  2    Int:  8    God:
Gold:   55         SH:  0    Dex: 10    Spells: 4/4 levels left

rFire    . . .     SeeInvis .   a - +0 war axe
rCold    . . .     Faith    .   (no shield)
rNeg     . . .     Spirit   .   e - +0 scale mail
rPois    .         Reflect  .   (no helmet)
rElec    .         Harm     .   (no cloak)
rCorr    +         Rampage  .   (no gloves)
Will     .....                  (no boots)
Stlth    ..........             (no amulet)
HPRegen  0.15/turn              j - ring of resist corrosion
MPRegen  0.09/turn              (no ring)

@: paralysed
A: no striking features
a: no special abilities


You were on level 3 of the Dungeon.
You visited 1 branch of the dungeon, and saw 4 of its levels.

You collected 55 gold pieces.

Inventory:

Hand Weapons
 a - a +0 war axe (weapon)
 b - a +0 mace
Armour
 c - a +0 kite shield
 e - a +0 scale mail (worn)
Jewellery
 j - a ring of resist corrosion (left hand)
Scrolls
 g - 4 scrolls of identify {unknown}
 h - a scroll of enchant weapon {unknown}
 l - a scroll of teleportation {unknown}
 m - a scroll of holy word {unknown}
 o - a scroll of brand weapon {unknown}
 p - a scroll of amnesia {unknown}
Potions
 d - a potion of might
 f - a potion of degeneration {unknown}
 i - a potion of haste {unknown}
 k - a potion of cancellation {unknown}
 n - a potion of lignification {unknown}


   Skills:
 - Level 3.6 Fighting
 * Level 6.2 Axes
 + Level 4.6 Armour
 - Level 3.2 Shields


You had 4 spell levels left.
You didn't know any spells.
Your spell library was empty.

Dungeon Overview and Level Annotations

Branches:
Dungeon (4/15)
 Temple: D:4-7

Altars:

Annotations:
D:3 1 runed translucent door, Grinder


Message History

Grinder hits you but does no damage.
You barely miss Grinder.
Grinder is lightly wounded.
Grinder gestures at you.
You shrug off the repeated paralysis!
Grinder hits you.
You writhe in agony.
You slash Grinder!
Grinder is moderately wounded.
Grinder gestures at you. Pain shoots through your body!
You hit Grinder but do no damage.
Grinder is moderately wounded.
Grinder hits you but does no damage.
You hit Grinder.
Grinder is heavily wounded.
Grinder hits you but does no damage.
You closely miss Grinder.
Grinder is heavily wounded.
Grinder hits you.
You hit Grinder.
Grinder is heavily wounded.
Grinder misses you.
You closely miss Grinder.
Grinder is heavily wounded.
Grinder hits you but does no damage. Grinder gestures at you.
You resist with significant effort.
You closely miss Grinder.
Grinder is heavily wounded.
Grinder hits you.
You writhe in agony.
You closely miss Grinder.
Grinder is heavily wounded.
Grinder gestures at you.
You suddenly lose the ability to move!
Grinder gestures at you. Pain shoots through your body!
* * * LOW HITPOINT WARNING * * *
Grinder hits you.
* * * LOW HITPOINT WARNING * * *
You writhe in agony.
You die...

# #..# ##.###.##.#.# #.## #.#
#.##.#.# #.# #.#####.###.##.#.#
######.# #...........##)#.#
.......############...######.#.##
####............# ##.## #.# ..
##..########.# #.# #.####
##.########)####.## #..#
#..§.......@5....# ###.###
##########.####..# #...... #.#
#..#####.#.#.# #.# #...†........#
#.# #.######.#.#.# #.. #.#
#...>... ##. #.# #.##.### . #..
... #.# # ## #### #.#


You could see Grinder.

Vanquished Creatures
  The ghost of PirateVox the Skirmisher, an amateur FoBe of Trog (D:3)
  3 adders
  A river rat (D:3)
  3 worms
  An orc (D:3)
  3 ball pythons
  2 endoplasms (D:1)
  6 giant cockroaches
  5 goblins
  2 hobgoblins
  3 jackals (D:2)
  A kobold (D:2)
  4 quokkas
  3 bats
  2 frilled lizards
40 creatures vanquished.

Notes
Turn   | Place    | Note
-------+----------+-------------------------------------------
     0 | D:1      | EldarEldrad the Hill Orc Fighter began the quest for the
                  | Orb.
     0 | D:1      | Reached XP level 1. HP: 19/19 MP: 1/1
    82 | D:1      | Reached skill level 3 in Axes
   166 | D:1      | Reached XP level 2. HP: 26/26 MP: 2/2
   874 | D:2      | HP: 1/26 [poisoned by an adder]
   875 | D:2      | Reached skill level 4 in Axes
   875 | D:2      | Reached XP level 3. HP: 2/31 MP: 3/3
  2090 | D:3      | Reached XP level 4. HP: 39/39 MP: 4/4
  2151 | D:3      | Reached skill level 5 in Axes
  2180 | D:3      | Found a faded altar of an unknown god.
  2470 | D:3      | Found a runed translucent door.
  2471 | D:3      | Noticed PirateVox's ghost (amateur FoBe)
  2487 | D:3      | Killed PirateVox's ghost
  2488 | D:3      | Reached skill level 6 in Axes
  2488 | D:3      | Reached XP level 5. HP: 23/45 MP: 5/5
  2496 | D:3      | Found a runed translucent door.
  2804 | D:3      | Noticed Grinder
  2828 | D:3      | Paralysed by Grinder for 3 turns
  3070 | D:3      | Paralysed by Grinder for 6 turns
  3085 | D:3      | Paralysed by Grinder for 3 turns
  3087 | D:3      | Slain by Grinder

Illustrated notes

Levels and vault maps discovered:
D:1:      dpeg_chamrin_arrival_tetris, layout_basic,
          chequers_serial_rivers_large_a, minmay_misc_feat_rugged
D:2:      layout_basic, corexii_hall_statues_deadend
D:3:      layout_loops_ring, hellmonk_ecumenical_altar_crossroads,
          ebering_ghost_sewer_f, uniq_grinder
D:4:      layout_layer_cave, minmay_rat_hole, uniq_blork_the_orc

Skill      XL: |  1  2  3  4 |
---------------+-------------+-----
Axes           | 3 4 6 |  6.2
Armour         | 4 |  4.6
Fighting       | |  3.6
Shields        | |  3.2

Action                   |  1- 3 |  4- 6 || total
-------------------------+-------+-------++-------
Melee: War axe           |    99 |    52 ||   151
  Use: Potion            |       |     1 ||     1
Armor: Scale mail        |    41 |    16 ||    57
Dodge: Dodged            |    55 |    17 ||    72

Table legend: (Time is in decaauts)
 A = Elapsed time spent in this place.
 B = Non-inter-level travel time spent in this place.
 C = Inter-level travel time spent in this place.
 D = Time resting spent in this place.
 E = Time spent auto-exploring this place.
 F = Levels seen in this place.
 G = Mean time per level.
                   A        B        C        D        E       F      G
               +--------+--------+--------+--------+--------+-----+--------+
         Total |   3148 |   3113 |     35 |    835 |   1752 |   4 |  787.0 |
       Dungeon |   3148 |   3113 |     35 |    835 |   1752 |   4 |  787.0 |
               +--------+--------+--------+--------+--------+-----+--------+

Top non-repeatable levels by time:
     D:2: 1173 daAuts
     D:1: 882 daAuts
     D:3: 880 daAuts
     D:4: 211 daAuts
